 Dungeon Crawl Stone Soup version 0.31-a0-640-g39d97e502b (webtiles) character file.

Game seed: 15359778531397890809

1815798 mandarbmax the Middleweight Champion (level 27, 345/351 HPs)
             Began as a Purple Draconian Shapeshifter on Aug 27, 2023.
             Was the Champion of Wu Jian.
             Escaped with the Orb
             ... and 3 runes!
             The game lasted 04:05:37 (62030 turns).

mandarbmax the Middleweight Champion (DrSh)        Turns: 62030, Time: 04:05:38

Health: 345/351    AC: 20    Str: 29    XL:     27
Magic:  35/35      EV: 31    Int: 15    God:    Wu Jian [******]
Gold:   9073       SH:  5    Dex: 26    Spells: 30/50 levels left

rFire   + .          .
                       - Unarmed
rCold   + + +        (shield currently unavailable)
rNeg    . . .        (body armour unavailable)
rPois   +            b - melded +0 hat of Nomilet {rPois Dex+2}
rElec   +            d - melded scarf {rC+ rF+}
rCorr   .            r - melded +2 pair of gloves of Birghud {rC+ MP+9}
SInv    .            v - melded +2 pair of boots of Duty {Str+3}
Will    ++++.        Z - amulet of Licis {Reflect +Inv rElec rC++ Str-2 SH+5}
Stlth   ++           k - ring "Puufeck" {rF+ rC+ EV+5 Int+5 Slay-2}
HPRegen 0.78/turn    P - ring "Izicyeco" {Str+3 Dex+6}
MPRegen 0.24/turn

%: reflection
@: dragon-form, flying
A: dragon claw, dragon scales, flying, boosted hp, breathe power, AC +13, giant,
unfitting armour, (cold-blooded), frail 1, low MP 1, weak 2
0: Orb of Zot
}: 3/15 runes: serpentine, barnacled, silver
a: Breathe Dispelling Energy, Begin Untransformation, Renounce Religion, Evoke
Invisibility, Wall Jump, Serpent's Lash, Heavenly Storm


You escaped.
You worshipped Wu Jian.
Wu Jian was exalted by your worship.
You were a fearsome quicksilver dragon!
You visited 10 branches of the dungeon, and saw 50 of its levels.
You visited 1 bazaar.
You also visited: Gauntlet.

You collected 10821 gold pieces.
You spent 1748 gold pieces at shops.

Inventory:

Missiles
 i - 12 throwing nets
Armour
 b - the +0 hat of Nomilet (melded) {rPois Dex+2}
   (You found it in a Gauntlet)

   Dex+2:     It affects your dexterity (+2).
   rPois:     It protects you from poison
 d - a scarf of resistance (melded)
 q - the +4 dragonskin cloak
   (You took it off Tiamat on level 4 of the Realm of Zot)

   Avatar's Aegis: It grants the wearer a chance to resist fire, cold, poison,
   electricity, acid, and negative energy.
 r - the +2 pair of gloves of Birghud (melded) {rC+ MP+9}
   (You acquired it on level 1 of the Crypt)

   rC+:       It protects you from cold.
   MP+9:      It affects your magic capacity (+9).
 v - the +2 pair of boots of Duty (melded) {Str+3}
   (You found it on level 3 of the Elven Halls)

   Str+3:     It affects your strength (+3).
Jewellery
 g - the amulet of Peaxynn {Reflect rPois Int+4 SH+5}
   (You took it off a deep elf archer on level 3 of the Elven Halls)

   [amulet of reflection]

   Reflect:   It reflects blocked missile attacks.
   Int+4:     It affects your intelligence (+4).
   rPois:     It protects you from poison SH+5: It affects your SH (+5).
 k - the ring "Puufeck" (left foreclaw) {rF+ rC+ EV+5 Int+5 Slay-2}
   (You found it on level 3 of the Elven Halls)

   [ring of evasion]

   EV+5:      It affects your evasion (+5).
   Int+5:     It affects your intelligence (+5).
   Slay-2:    It affects your accuracy & damage with ranged weapons and melee
   (-2).
   rF+:       It protects you from fire.
   rC+:       It protects you from cold.
 A - a ring of resist corrosion
 P - the ring "Izicyeco" (right foreclaw) {Str+3 Dex+6}
   (You found it on level 2 of the Lair of Beasts)

   [ring of dexterity]

   Str+3:     It affects your strength (+3).
   Dex+6:     It affects your dexterity (+6).
 Z - the amulet of Licis (around neck) {Reflect +Inv rElec rC++ Str-2 SH+5}
   (You bought it in a shop on level 3 of the Dungeon)

   [amulet of reflection]

   Reflect:   It reflects blocked missile attacks.
   Str-2:     It affects your strength (-2).
   rC++:      It greatly protects you from cold.
   rElec:     It insulates you from electricity.
   +Inv:      It lets you turn invisible.
   SH+5:      It affects your SH (+5).
Talismans
 J - a dragon-blood talisman (active)
Wands
 s - a wand of mindburst (17)
 u - a wand of acid (42)
 B - a wand of paralysis (87)
 M - a wand of polymorph (22)
 N - a wand of roots (96)
 W - a wand of digging (7)
Scrolls
 f - a scroll of revelation
 l - 3 scrolls of blinking
 w - 4 scrolls of summoning
 y - 6 scrolls of vulnerability
 G - 3 scrolls of silence
 H - 5 scrolls of teleportation
 K - 6 scrolls of fog
 Q - 2 scrolls of fear
 T - 4 scrolls of poison
 U - 9 scrolls of immolation
Potions
 a - 2 potions of ambrosia
 e - a potion of magic
 h - 5 potions of enlightenment
 m - 6 potions of attraction
 n - 17 potions of curing
 p - 9 potions of mutation
 x - 2 potions of lignification
 C - 9 potions of haste
 D - 2 potions of berserk rage
 F - 13 potions of heal wounds
 L - 4 potions of cancellation
 O - 4 potions of might
 R - 7 potions of brilliance
 S - 4 potions of resistance
 X - 4 potions of invisibility
Miscellaneous
 c - a phial of floods
 j - a lightning rod (4/4)
 o - a condenser vane
 V - a phantom mirror
 Y - a sack of spiders


   Skills:
 + Level 23.7 Fighting
 + Level 22.3 Dodging
 - Level 12.0 Stealth
 - Level 3.7 Shields
 O Level 27 Unarmed Combat
 + Level 12.3 Spellcasting
 + Level 14.7 Translocations
 - Level 8.0 Transmutations
 - Level 4.0 Air Magic
 - Level 12.1 Evocations
 + Level 18.7 Shapeshifting


You had 30 spell levels left.
You knew the following spells:

 Your Spells              Type           Power      Damage    Failure   Level
a - Wereblood             Tmut           33%        N/A       1%          2
b - Swiftness             Air            21%        N/A       4%          3
c - Blink                 Tloc           100%       N/A       1%          2
d - Manifold Assault      Tloc           52%        N/A       1%          4
e - Dispersal             Tloc           26%        N/A       2%          6
f - Portal Projectile     Hex/Tloc       62%        N/A       1%          3

Your spell library contained the following spells:

 Spells                   Type           Power      Damage    Failure   Level
 Apportation              Tloc           100%       N/A       1%          1
 Sting                    Tmut/Pois      84%        1d7       1%          1
 Lesser Beckoning         Tloc           100%       N/A       1%          2
 Gell's Gravitas          Tloc           52%        N/A       1%          3
 Teleport Other           Tloc           52%        N/A       1%          3
 Vhi's Electric Charge    Tloc/Air       74%        N/A       1%          4
 Passwall                 Tmut/Erth      17%        N/A       2%          2
 Shock                    Conj/Air       60%        1d6       3%          1
 Iskenderun's Mystic Bla  Conj/Tloc      31%        2d8       3%          4
 Poisonous Vapours        Pois/Air       30%        N/A       4%          2
 Foxfire                  Conj/Fire      36%        2x1d5     8%          1
 Kiss of Death            Conj/Necr      36%        2d8       8%          1
 Sandblast                Erth           18%        2d7       8%          1
 Summon Forest            Summ/Tloc      15%        N/A       11%         5
 Ensorcelled Hibernation  Hex/Ice        18%        N/A       12%         2
 Scorch                   Fire           18%        2d5       12%         2
 Sublimation of Blood     Necr           9%         N/A       12%         2
 Mephitic Cloud           Conj/Pois/Air  13%        N/A       13%         3
 Airstrike                Air            10%        2d(2-18)  14%         4
 Call Canine Familiar     Summ           9%         N/A       22%         3
 Confusing Touch          Hex            9%         N/A       22%         3
 Stone Arrow              Conj/Erth      18%        3d8       22%         3
 Summon Guardian Golem    Hex/Summ       9%         N/A       22%         3
 Tukima's Dance           Hex            9%         N/A       22%         3
 Alistair's Intoxication  Tmut/Pois      14%        N/A       38%         5
 Anguish                  Hex/Necr       4%         N/A       58%         4
 Animate Dead             Necr           9%         N/A       58%         4
 Cause Fear               Hex            4%         N/A       58%         4
 Dispel Undead            Necr           9%         3d8       58%         4
 Flame Wave               Conj/Fire      9%         2d6       58%         4
 Leda's Liquefaction      Hex/Erth       4%         N/A       58%         4
 Olgreb's Toxic Radiance  Pois           9%         N/A       58%         4
 Summon Ice Beast         Ice/Summ       9%         N/A       58%         4
 Arcjolt                  Conj/Air       7%         1d17      67%         5
 Freezing Cloud           Conj/Ice/Air   6%         6-21      77%         5
 Disjunction              Tloc           26%        N/A       77%         8
 Borgnjor's Vile Clutch   Necr/Erth      4%         N/A       91%         5
 Fireball                 Conj/Fire      4%         3d4       91%         5
 Iskenderun's Battlesphe  Conj           9%         2d6       91%         5
 Lee's Rapid Deconstruct  Erth           4%         3d5*      91%         5
 Summon Mana Viper        Hex/Summ       9%         N/A       91%         5
 Eringya's Noxious Bog    Tmut/Pois      10%        4d6       92%         6
 Malign Gateway           Summ/Tloc      15%        N/A       97%         7
 Conjure Ball Lightning   Conj/Air       7%         3x3d6     99%         6
 Plasma Beam              Fire/Air       7%         2x1d18    99%         6
 Death Channel            Necr           4%         N/A       100%        6
 Leda's Unmaking          Conj/Erth      4%         9d2       100%        6
 Simulacrum               Ice/Necr       4%         N/A       100%        6
 Starburst                Conj/Fire      4%         6d4       100%        6
 Summon Cactus Giant      Summ           4%         N/A       100%        6
 Haunt                    Necr/Summ      4%         N/A       100%        7
 Monstrous Menagerie      Summ           4%         N/A       100%        7
 Orb of Destruction       Conj           4%         9d5       100%        7
 Spellforged Servitor     Conj/Summ      4%         N/A       100%        7
 Summon Hydra             Summ           4%         N/A       100%        7
 Infestation              Necr           4%         N/A       100%        8
 Lehudib's Crystal Spear  Conj/Erth      4%         10d3      100%        8
 Summon Horrible Things   Summ           4%         N/A       100%        8
 Chain Lightning          Conj/Air       7%         3d10      100%        9
 Death's Door             Necr           4%         N/A       100%        9
 Dragon's Call            Summ           4%         N/A       100%        9
 Fire Storm               Conj/Fire      4%         8d1       100%        9
 Shatter                  Erth           4%         3d8*      100%        9
 Animate Armour           Summ/Erth      Unusable   N/A       N/A         4

Dungeon Overview and Level Annotations

Branches:
Dungeon (15/15)            Temple (0/1) D:6            Lair (5/5) D:8
 Shoals (4/4) Lair:3        Snake (4/4) Lair:3        Slime (0/5) Lair:4
    Orc (2/2) D:9             Elf (3/3) Orc:2        Vaults (5/5) D:14
  Crypt (3/3) Vaults:3       Tomb (0/3) Crypt:3      Depths (4/4) D:15
    Zot (5/5) Depths:4    Gauntlet (visited)

Altars:
Ashenzari
Cheibriados
Dithmenos
Elyvilon
Fedhas
Makhleb
Okawaru
Qazlal
Ru
Trog
Wu Jian
Yredelemnul
Zin
The Shining One
Jiyva

Shops:
D:3 [*=   D:7 *   Orc:2 :*[(?   Elf:2 :   Snake:1 [:   Snake:2 =:=   Vaults:1 ?
Vaults:4 [   Vaults:5 *   Depths:1 [   Depths:4 ::

Portals:
Hell: Depths:1 Depths:2 Depths:3 Depths:4
Abyss: Depths:2 Depths:3
Pandemonium: Depths:2
Ziggurat: Depths:1
Trove: D:12 (give 9 potions of haste)

Annotations:
D:1 Crazy Yiuf


Innate Abilities, Weirdness & Mutations

You are a fearsome quicksilver dragon!
You have a powerful clawing attack.
Your giant scaled body is strong and resilient, but less evasive.
Your breath weapon is enhanced in this form.
You are flying.
Your maximum health is greatly increased.
Your armour is entirely melded.
You are incapable of wielding weapons or throwing items.
You can breathe bolts of dispelling energy.
Your rich purple scales are hard. (AC +13)
You cannot fit into any form of body armour.
((You are cold-blooded and may be slowed by cold attacks.))
You are frail. (-10% HP)
Your magical capacity is low. (-10% MP)
You are very weak. (Str -4)


Message History

Crazy Yiuf says, "Wait for me!"
Things that are here:
3 stones; a +0 whip Crazy Yiuf attacks as he pursues you!
Crazy Yiuf misses you.
An Orb Guardian comes into view.
Crazy Yiuf attacks as he pursues you! Crazy Yiuf completely misses you.
Crazy Yiuf attacks as he pursues you! Crazy Yiuf misses you.
Crazy Yiuf says, "You found it!"
Crazy Yiuf attacks as he pursues you! Crazy Yiuf completely misses you.
Crazy Yiuf says, "You found it!"
Crazy Yiuf attacks as he pursues you! Crazy Yiuf closely misses you.
You reach down and open the door.
You bite the Orb Guardian!!
You tail-slap the Orb Guardian, but do no damage.
The Orb Guardian is moderately wounded.
You hit the Orb Guardian.
You claw the Orb Guardian, but do no damage.
You bite the Orb Guardian.
The Orb Guardian is moderately wounded.
Crazy Yiuf says, "Wait for me!"
You barely miss the Orb Guardian.
The Orb Guardian is moderately wounded.
The Orb Guardian closely misses you.
You barely miss the Orb Guardian.
You tail-slap the Orb Guardian, but do no damage.
The Orb Guardian is moderately wounded.
The Orb Guardian misses you.
You maul the Orb Guardian!!!!
You kill the Orb Guardian!
The Council accepts your kill.
There is an open door here.
A cacodemon and a sixfirhy come into view.
You lunge at the sixfirhy, in a flurry of attacks.
You maul the sixfirhy!!!!
You kill the sixfirhy!
The Council accepts your kill. Crazy Yiuf attacks as he pursues you!
Crazy Yiuf completely misses you.
There is a staircase leading out of the dungeon here.
Crazy Yiuf misses you.
You have escaped!

..#.#.####.####..##########)#..#.
..#.#.##....####'#### #........#.
..#.#.##.#.##PP#.#PP####.##.##.#.
..#.#.##.###P~~#.#PPP###.##.##.#.
..#.#.##.##P~~~#.#.PPP##.##.##...
..#.#.##.#P~~~~#.#...PP#.##.#####
..#^#.##.#P~~~~#.#...PP#...(.....
..#.#.##.#######2#######..#.#####
..#.#.##.'......D......'..#.# #
..#.#.##.#######g#######..#.#####
..#'#.##.#PP...#.#~~~~P#..#......
...รท.....#P....#.#~~~~P#..#.#####
##.......##PP.P#.#~~~P##..#.#
#....##.###P..#.#~~P###..#.#
#....##.# ##PP#.#PP## #..#.#
#....##.# ####'#### #..#.#
#....##.# #....## #..#.#


You could see a cacodemon and Crazy Yiuf.

Vanquished Creatures
  4 dread liches
  Tiamat (Zot:4)
  5 orbs of fire (Zot:5)
  6 ancient liches
  A juggernaut (Depths:3)
  Sojobo (Crypt:3)
  8 Killer Klowns
  Vashnia (Snake:3)
  Boris (Crypt:1)
  Bai Suzhen (Crypt:2)
  The ghost of scionoferis the Sorcerer, a veteran DjHW of Makhleb (Crypt:2)
  2 curse toes
  A profane servitor (D:7)
  2 caustic shrikes (Depths:3)
  11 golden dragons
  Norris (Elf:2)
  Nikola (Vaults:3)
  Jory (Crypt:1)
  3 bone dragons
  3 doom hounds (Crypt:1)
  A Tzitzimitl (Crypt:1)
  17 tentacled monstrosities
  6 liches
  Zenata (Vaults:4)
  A walking crystal tome (Depths:3)
  4 electric golems
  A walking frostbound tome (Depths:3)
  A walking divine tome (Depths:3)
  5 titans
  30 Orb Guardians
  8 quicksilver dragons
  4 deep elf blademasters
  A walking earthen tome (Depths:3)
  2 deep elf master archers (Elf:3)
  An ancient champion (Crypt:1)
  Grunn (Crypt:1)
  4 sphinxes
  A sphinx (shapeshifter) (Vaults:5)
  12 shadow dragons
  16 death cobs
  14 storm dragons
  11 tengu reavers
  Kirke (Lair:4)
  10 draconian monks
  3 demonspawn warmongers
  A storm dragon (shapeshifter) (Depths:3)
  Aizul (Depths:1)
  11 draconian knights
  3 nagarajas
  A daeva (Shoals:4)
  16 frost giants
  7 draconian scorchers
  17 fire giants
  19 vault wardens
  8 deep elf sorcerers
  4 balrugs
  11 draconian shifters
  A ghost moth (Zot:3)
  2 iron dragons (Vaults:5)
  A curse skull (Crypt:1)
  2 draconian stormcallers
  7 deep elf elementalists (Elf:3)
  16 ironbound preservers
  An orc warlord (Orc:2)
  A cacodemon (D:11)
  13 war gargoyles
  2 caustic shrike skeletons
  A demonspawn blood saint (D:5)
  10 draconian annihilators
  4 ghouls
  21 stone giants
  2 reapers
  3 formless jellyfish
  9 very ugly things
  5 spriggan defenders (Depths:3)
  11 deep elf annihilators
  4 ironbound thunderhulks
  10 vampire knights
  2 lorocyprocas
  2 demonspawn black suns
  18 black draconians
  8 deep elf demonologists
  12 green draconians
  Azrael (Orc:2)
  A putrid mouth (Crypt:1)
  A bunyip (shapeshifter) (Vaults:5)
  13 purple draconians
  A minotaur (Gauntlet)
  5 dire elephants
  13 red draconians
  12 white draconians
  15 yellow draconians
  12 spark wasps
  11 deep elf death magi
  A blizzard demon (D:5)
  10 ettins
  2 eidola
  3 green deaths
  14 fire dragons
  7 merfolk javelineers
  Josephine (D:14)
  6 crystal guardians
  5 jiangshi (Crypt:2)
  5 great orbs of eyes
  6 deep elf high priests
  7 yaktaur captains
  Harold (D:10)
  A quicksilver dragon skeleton (Crypt:2)
  14 merfolk impalers
  A great orb of eyes (shapeshifter) (Vaults:5)
  2 salamander tyrants (Snake:4)
  32 vault guards
  9 ice dragons
  6 hydras
  A rakshasa (Depths:2)
  A fenstrider witch zombie (Crypt:3)
  A hell beast (Depths:2)
  2 ogre magi
  4 peacekeepers
  5 death knights
  7 spriggan air magi
  A spriggan skeleton (Crypt:3)
  2 merfolk avatars (Shoals:4)
  A boulder beetle (Lair:1)
  11 ironbound frosthearts
  16 anacondas
  5 deep troll shamans
  2 alligator snapping turtles (Shoals:4)
  7 two-headed ogres
  A sphinx skeleton (Depths:3)
  17 centaur warriors
  17 naga warriors
  4 merfolk aquamancers
  32 dancing weapons
  2 satyrs
  5 orc high priests
  4 death yaks
  2 Orb Guardian skeletons
  8 tengu warriors
  13 naga sharpshooters
  A holy swine (Shoals:4)
  9 sun demons
  9 vampire magi
  6 deep troll earth magi
  10 soul eaters
  2 spriggan berserkers
  9 shock serpents
  Urug (Orc:1)
  15 hell knights
  7 iron trolls
  24 deep elf knights
  A sixfirhy (D:1)
  26 skeletal warriors
  2 golden dragon zombies
  50 deep trolls
  3 flayed ghosts
  A cherub (Shoals:4)
  3 salamander mystics
  11 skysharks
  5 naga ritualists
  3 glowing orange brains
  A deep troll (shapeshifter) (Vaults:5)
  A glowing orange brain (shapeshifter) (Depths:3)
  2 swamp dragons
  19 deep elf archers
  10 ironbound convokers
  10 wizards
  5 sea snakes
  12 necromancers
  31 harpies
  6 lindwurms
  A fenstrider witch simulacrum (Crypt:2)
  36 deep elf zephyrmancers
  13 mana vipers
  2 anaconda skeletons (Crypt:3)
  A wolf spider zombie (Crypt:1)
  36 deep elf pyromancers
  32 ugly things
  13 phantasmal warriors
  6 orc knights
  An iron dragon zombie (Crypt:1)
  8 fauns
  20 salamanders
  7 orc sorcerers
  2 wolf spiders
  11 cyclopes
  19 manticores
  31 moths of wrath
  A water nymph (shapeshifter) (Depths:3)
  A dire elephant zombie (Crypt:3)
  50 black mambas
  10 guardian serpents
  A hellion (Zot:5)
  14 elephants
  5 water nymphs
  10 naga magi
  Jeremiah (D:6)
  3 merfolk sirens
  18 vault sentinels
  19 cane toads
  A frost giant skeleton (Crypt:1)
  A torpor snail (Lair:3)
  4 unseen horrors
  4 orange demons
  A guardian serpent (shapeshifter) (Elf:1)
  An unseen horror zombie (Crypt:1)
  A gargoyle (D:11)
  5 kobold demonologists
  Maggie (Lair:2)
  A black draconian zombie (Crypt:1)
  2 efreet (D:14)
  17 yaktaurs
  9 komodo dragons
  3 tormentors (Crypt:1)
  A guardian mummy (Crypt:1)
  7 freezing wraiths
  4 rime drakes
  A harpy zombie (Crypt:3)
  3 tengu conjurers
  An alligator snapping turtle skeleton (Crypt:2)
  A red devil (Zot:1)
  24 merfolk
  A purple draconian skeleton (Crypt:1)
  A white draconian skeleton (Crypt:2)
  A polar bear (Lair:2)
  A silent spectre (Crypt:1)
  2 wind drakes
  4 trolls
  A merfolk (shapeshifter) (Depths:3)
  A polar bear (shapeshifter) (D:14)
  2 hornets (Lair:5)
  8 snapping turtles
  2 hydra skeletons
  2 dream sheep (Shoals:4)
  9 large abominations (Depths:2)
  An ice dragon zombie (Crypt:1)
  8 blink frogs
  A dream sheep (shapeshifter) (Vaults:5)
  A spectral lindwurm (Gauntlet)
  36 slime creatures
  30 flying skulls
  An ettin zombie (Crypt:1)
  13 water elementals
  4 air elementals
  A culicivora (shapeshifter) (Elf:3)
  8 shadows
  A fire dragon skeleton (Crypt:2)
  An ettin skeleton (Crypt:1)
  10 wyverns
  10 wraiths
  A hog (shapeshifter) (D:14)
  28 yaks
  A tyrant leech zombie (Crypt:1)
  A black mamba skeleton (Crypt:1)
  5 fire elementals
  2 chaos spawn
  6 basilisks
  7 redbacks
  7 steam dragons
  4 vampire mosquitoes
  A water nymph zombie (Crypt:2)
  Edmund (D:4)
  A neqoxec (D:12)
  6 wargs
  37 nagas
  2 naga zombies (Crypt:1)
  An acid dragon (D:11)
  24 water moccasins
  A swamp worm (shapeshifter) (Depths:3)
  2 hell hounds (Orc:2)
  A two-headed ogre skeleton (Crypt:2)
  3 floating eyes
  45 orc warriors
  2 swamp drakes (Lair:5)
  4 sky beasts
  An ettin simulacrum (Crypt:1)
  2 black bears
  9 ogres
  3 boggarts (Vaults:2)
  13 wolves
  13 centaurs
  2 phantoms (D:5)
  Blork the orc (D:5)
  5 kobold brigands
  3 small abominations (Depths:2)
  A vine stalker zombie (Crypt:2)
  11 bullfrogs
  2 gnoll sergeants
  9 necrophages
  3 scorpions
  A draconian skeleton (Crypt:2)
  5 earth elementals
  3 wights (D:9)
  A queen bee zombie (Crypt:2)
  8 killer bees (D:9)
  5 electric eels (D:8)
  7 howler monkeys
  4 lava snakes (Lair:3)
  A gnoll bouda (D:5)
  A human zombie (Crypt:1)
  3 jellies
  27 orc priests
  A sleepcap (D:4)
  5 hounds
  12 iguanas
  27 orc wizards
  3 human skeletons (Crypt:1)
  5 mummies (Crypt:1)
  17 gnolls
  9 adders
  2 white imps (D:6)
  An ufetubus (D:4)
  A worm (D:2)
  2 dart slugs
  97 orcs
  7 bats
  8 endoplasms
  2 giant cockroaches
  11 hobgoblins
  36 kobolds
  4 quokkas
  8 ball pythons
  A ball python zombie (Crypt:1)
  2 frilled lizards
  12 goblins
  A goblin skeleton (Crypt:2)
  5 rats
2404 creatures vanquished.

Vanquished Creatures (collateral kills)
  A sphinx (Vaults:3)
  2 vault wardens
  An orc warlord (Vaults:4)
  2 ironbound preservers
  2 merfolk javelineers (Shoals:4)
  A yaktaur captain (Vaults:1)
  5 vault guards
  An ironbound frostheart (Vaults:1)
  A peacekeeper (Vaults:4)
  A merfolk avatar (Shoals:1)
  A two-headed ogre (Vaults:3)
  3 centaur warriors
  A merfolk aquamancer (Shoals:1)
  An ogre mage (Vaults:3)
  2 naga sharpshooters (Snake:4)
  8 deep trolls
  A cherub (Shoals:4)
  2 salamander mystics (Snake:4)
  A wizard (Vaults:1)
  5 harpies
  2 ugly things
  3 fauns (Shoals:3)
  A black mamba (Snake:4)
  2 vault sentinels (Vaults:1)
  2 naga magi (Snake:4)
  4 yaktaurs
  2 wind drakes (Shoals:3)
  3 merfolk (Shoals:3)
  2 water elementals (Shoals:1)
  A naga (Snake:4)
  2 ogres (Vaults:3)
66 creatures vanquished.

Vanquished Creatures (others)
  An orb of fire (Zot:5)
  A tengu reaver (D:14)
  A fire giant (Depths:3)
  A vault warden (Vaults:1)
  2 ironbound preservers
  A white draconian (Zot:4)
  2 merfolk impalers
  A merfolk javelineer (Shoals:4)
  3 vault guards
  3 centaur warriors
  A death yak (Shoals:4)
  A deep elf knight (Elf:2)
  A deep troll (Vaults:1)
  A lindwurm (Vaults:1)
  A harpy (Shoals:3)
  A cyclops (D:14)
  A faun (Shoals:4)
  A mana viper (Snake:4)
  2 salamanders (Snake:4)
  A black mamba (shapeshifter) (Vaults:5)
  A guardian serpent (Snake:4)
  A yaktaur (Vaults:5)
  A dream sheep (Shoals:4)
  A flying skull (Crypt:1)
  A human (Crypt:1)
  A water moccasin (Lair:4)
  A naga (Snake:4)
34 creatures vanquished.

Grand Total: 2504 creatures vanquished

Notes
Turn   | Place    | Note
-------+----------+-------------------------------------------
     0 | D:1      | mandarbmax the Draconian Shapeshifter began the quest for
                  | the Orb.
     0 | D:1      | Reached XP level 1. HP: 16/16 MP: 1/1
   216 | D:1      | Reached XP level 2. HP: 23/23 MP: 2/2
  1035 | D:2      | Reached XP level 3. HP: 29/29 MP: 3/3
  1429 | D:3      | Identified the -2 buckler "Muisuys" {Regen+ Dex+4 Stlth-}
  1539 | D:3      | Found Jousot's General Store.
  1566 | D:3      | Found an ornate altar of the Wu Jian Council.
  1566 | D:3      | Found an iron altar of Okawaru.
  1566 | D:3      | Found a snail-covered altar of Cheibriados.
  1575 | D:3      | Became a worshipper of the Wu Jian Council
  1588 | D:3      | Found Qoemagas's Armour Shoppe.
  1681 | D:3      | Reached XP level 4. HP: 36/36 MP: 4/4
  1920 | D:3      | Reached skill level 4 in Unarmed Combat
  2012 | D:3      | Found a faded altar of an unknown god.
  2078 | D:3      | Found Tezetaf's Jewellery Shop.
  2422 | D:4      | Reached XP level 5. HP: 41/42 MP: 5/5
  2463 | D:4      | Found a burning altar of Makhleb.
  2468 | D:4      | Found a glowing silver altar of Zin.
  2468 | D:4      | Noticed an angel
  2469 | D:4      | Noticed an Executioner
  2547 | D:4      | Noticed Edmund
  2765 | D:4      | Found a broken altar of Ashenzari.
  2853 | D:4      | Reached * piety under Wu Jian
  2864 | D:4      | Noticed a water moccasin
  2867 | D:4      | Found a blossoming altar of Fedhas.
  2928 | D:4      | Reached XP level 6. HP: 28/51 MP: 6/6
  3171 | D:4      | Killed a water moccasin
  3172 | D:4      | Reached skill level 5 in Unarmed Combat
  3185 | D:4      | Killed Edmund
  3332 | D:4      | Found a glowing golden altar of the Shining One.
  3469 | D:5      | Entered Level 5 of the Dungeon
  3491 | D:5      | Your scales start taking on a rich purple colour.
  3491 | D:5      | Reached XP level 7. HP: 58/58 MP: 7/7
  3609 | D:5      | Reached skill level 6 in Unarmed Combat
  3619 | D:5      | Reached ** piety under Wu Jian
  3794 | D:5      | Found a shadowy altar of Dithmenos.
  3881 | D:5      | Reached XP level 8. HP: 54/67 MP: 8/8
  4139 | D:5      | Noticed Blork the orc
  4152 | D:5      | Killed Blork the orc
  4153 | D:5      | Reached skill level 7 in Unarmed Combat
  4153 | D:5      | Reached skill level 5 in Shapeshifting
  4156 | D:5      | Reached skill level 5 in Fighting
  4916 | D:6      | Reached *** piety under Wu Jian
  5203 | D:6      | Reached skill level 5 in Dodging
  5203 | D:6      | Reached skill level 8 in Unarmed Combat
  5423 | D:6      | Noticed Jeremiah
  5434 | D:6      | HP: 1/59 [Jeremiah/divine providence (14)]
  5638 | D:6      | Reached XP level 9. HP: 58/75 MP: 9/9
  5809 | D:6      | Killed Jeremiah
  6264 | D:6      | Found a staircase to the Ecumenical Temple.
  6844 | D:7      | Reached skill level 9 in Unarmed Combat
  7075 | D:7      | Found Ory Rer's Overcharged Wands.
  7158 | D:7      | Found a runed translucent door.
  7159 | D:7      | Noticed Crazy Yiuf
  7351 | D:8      | Noticed a troll
  7371 | D:8      | Killed a troll
  7660 | D:8      | Reached **** piety under Wu Jian
  7891 | D:8      | Reached XP level 10. HP: 52/86 MP: 5/10
  8008 | D:8      | Found a staircase to the Lair.
  8179 | D:8      | Reached skill level 10 in Unarmed Combat
  9710 | D:9      | Reached ***** piety under Wu Jian
  9819 | D:9      | Found a staircase to the Orcish Mines.
 10708 | D:10     | Entered Level 10 of the Dungeon
 10749 | D:10     | Noticed Harold
 10761 | D:10     | Killed Harold
 10762 | D:10     | Reached skill level 11 in Unarmed Combat
 10791 | D:10     | Noticed a two-headed ogre
 10799 | D:10     | Killed a two-headed ogre
 10800 | D:10     | Reached XP level 11. HP: 62/95 MP: 7/11
 11083 | D:10     | Found a bloodstained altar of Trog.
 12198 | D:11     | Found a sacrificial altar of Ru.
 12381 | D:11     | Noticed a cyan ugly thing
 12391 | D:11     | Killed a brown ugly thing
 12699 | D:11     | Reached skill level 12 in Unarmed Combat
 13140 | D:12     | Noticed a vault guard
 13149 | D:12     | Killed a vault guard
 13271 | D:12     | Found a portal to a secret trove of treasure.
 13394 | D:12     | Noticed a two-headed ogre
 13400 | D:12     | Killed a two-headed ogre
 13469 | D:12     | You fall into a shaft and drop 1 floor!
 13504 | D:13     | Noticed a tengu warrior
 13546 | D:13     | Killed a tengu warrior
 13547 | D:13     | Reached XP level 12. HP: 58/106 MP: 6/12
 13703 | D:13     | Reached skill level 13 in Unarmed Combat
 13704 | D:13     | Reached skill level 10 in Fighting
 14278 | Lair:1   | Entered Level 1 of the Lair of Beasts
 14278 | Lair:1   | Found a transporter.
 14482 | Lair:1   | Found a transporter.
 14639 | Lair:1   | Noticed a boulder beetle
 14648 | Lair:1   | Killed a boulder beetle
 15590 | Lair:2   | Reached skill level 14 in Unarmed Combat
 15620 | Lair:2   | Found a gate leading to a gauntlet.
 15634 | Gauntlet | Entered a Gauntlet
 15634 | Gauntlet | Found a transporter.
 15663 | Gauntlet | Found a transporter.
 15663 | Gauntlet | Found a transporter.
 15665 | Gauntlet | Found a transporter.
 15683 | Gauntlet | Noticed a death scarab
 15687 | Gauntlet | Found a transporter.
 15687 | Gauntlet | Found a transporter.
 15689 | Gauntlet | Found a transporter.
 15707 | Gauntlet | Noticed a green death
 15914 | Gauntlet | Found a transporter.
 15914 | Gauntlet | Found a transporter.
 15914 | Gauntlet | Found a transporter.
 15926 | Gauntlet | Killed a green death
 15942 | Gauntlet | Found a transporter.
 15942 | Gauntlet | Found a transporter.
 15942 | Gauntlet | Found a transporter.
 15958 | Gauntlet | Identified the +0 hat of Nomilet {rPois Dex+2}
 15975 | Gauntlet | Found a runed translucent door.
 15976 | Gauntlet | Found a transporter.
 15993 | Gauntlet | Reached XP level 13. HP: 113/116 MP: 11/13
 16038 | Gauntlet | Noticed a minotaur
 16045 | Gauntlet | Killed a minotaur
 16248 | Lair:2   | Reached skill level 10 in Shapeshifting
 16326 | Lair:2   | Identified the ring "Izicyeco" {Str+3 Dex+6}
 16401 | Lair:2   | Noticed Maggie
 16404 | Lair:2   | Killed Maggie
 16646 | Lair:2   | Reached skill level 10 in Dodging
 16835 | Lair:3   | Reached ****** piety under Wu Jian
 16854 | Lair:3   | Reached skill level 15 in Unarmed Combat
 17017 | Lair:3   | You fall into a shaft and drop 2 floors!
 17017 | Lair:5   | Entered Level 5 of the Lair of Beasts
 17033 | Lair:5   | Reached skill level 1 in Stealth
 17322 | Lair:5   | Noticed a fire dragon
 17807 | Lair:4   | Noticed Kirke
 17818 | Lair:4   | Killed Kirke
 17819 | Lair:4   | Reached XP level 14. HP: 126/126 MP: 12/14
 17889 | Lair:4   | Found a runed translucent door.
 18104 | Lair:4   | Identified a scroll of acquirement
 18105 | Lair:4   | Acquired 942 gold pieces
 18153 | Lair:4   | Found a viscous altar of Jiyva.
 18153 | Lair:4   | Found a staircase to the Slime Pits.
 18424 | Lair:3   | Found a staircase to the Snake Pit.
 18837 | Lair:3   | Reached skill level 16 in Unarmed Combat
 19094 | Lair:3   | Found a staircase to the Shoals.
 19737 | Lair:5   | Reached skill level 1 in Evocations
 20458 | Orc:1    | Entered Level 1 of the Orcish Mines
 20460 | Orc:1    | Noticed Urug
 20467 | Orc:1    | Killed Urug
 20621 | Orc:2    | Entered Level 2 of the Orcish Mines
 20697 | Orc:2    | Found Buytee's Magic Scroll Boutique.
 21024 | Orc:2    | Noticed Azrael
 21037 | Orc:2    | Killed Azrael
 21281 | Orc:2    | Found a staircase to the Elven Halls.
 21285 | Orc:2    | Noticed an orc warlord
 21308 | Orc:2    | Reached skill level 5 in Stealth
 21309 | Orc:2    | Killed an orc warlord
 21318 | Orc:2    | Reached XP level 15. HP: 128/135 MP: 12/15
 21364 | Orc:2    | Found Liqera's Antique Armour Shoppe.
 21365 | Orc:2    | Found Wukuatym's Antique Weapon Shoppe.
 21366 | Orc:2    | Found Ititeulin's General Store.
 21366 | Orc:2    | Found Ireaquidu's Book Emporium.
 22184 | D:3      | Bought a potion of heal wounds for 55 gold pieces
 22184 | D:3      | Bought a scroll of immolation for 44 gold pieces
 22184 | D:3      | Bought 2 scrolls of vulnerability for 88 gold pieces
 22208 | D:3      | Bought the amulet of Licis {Reflect +Inv rElec rC++ Str-2
                  | SH+5} for 835 gold pieces
 22437 | D:13     | Reached skill level 17 in Unarmed Combat
 23308 | D:14     | Noticed Josephine
 23314 | D:14     | Killed Josephine
 23432 | D:14     | Found a runed translucent door.
 23436 | D:14     | Noticed a tengu reaver
 23437 | D:14     | Noticed a sphinx
 23550 | D:14     | Found a gate to the Vaults.
 23756 | D:14     | Found a shadowy altar of Dithmenos.
 23914 | D:14     | Killed a tengu reaver
 23921 | D:14     | Killed a sphinx
 23924 | D:14     | Identified the +10 arbalest of Defence {penet, Fly rC-
                  | Will+++}
 23927 | D:14     | Reached skill level 5 in Evocations
 24049 | D:15     | Entered Level 15 of the Dungeon
 24248 | D:15     | Reached XP level 16. HP: 145/145 MP: 16/16
 24471 | D:15     | Found a staircase to the Depths.
 24774 | Snake:1  | Entered Level 1 of the Snake Pit
 24906 | Snake:1  | Found Soxtaru's Book Shop.
 24906 | Snake:1  | Found Akext's Antique Armour Boutique.
 24924 | Snake:1  | Bought a glowing cloak for 285 gold pieces
 25367 | Snake:1  | Reached skill level 18 in Unarmed Combat
 25397 | Snake:1  | Reached skill level 15 in Dodging
 25643 | Snake:1  | Reached skill level 1 in Shields
 26491 | Snake:2  | Found Cila's Jewellery Emporium.
 26494 | Snake:2  | Found Facon's Book Boutique.
 26495 | Snake:2  | Found Luygugopp's Jewellery Emporium.
 26767 | Snake:3  | Noticed Vashnia
 26778 | Snake:3  | Killed Vashnia
 26779 | Snake:3  | Reached XP level 17. HP: 150/154 MP: 4/17
 27250 | Snake:4  | Entered Level 4 of the Snake Pit
 28064 | Snake:4  | Reached skill level 19 in Unarmed Combat
 28345 | Snake:4  | Reached skill level 15 in Fighting
 28360 | Snake:4  | Got a serpentine rune of Zot
 29220 | Shoals:1 | Entered Level 1 of the Shoals
 30083 | Shoals:2 | Reached XP level 18. HP: 163/163 MP: 18/18
 31446 | Shoals:4 | Entered Level 4 of the Shoals
 31532 | Shoals:4 | Got a barnacled rune of Zot
 31870 | Shoals:4 | Found a white marble altar of Elyvilon.
 31877 | Shoals:4 | Reached skill level 20 in Unarmed Combat
 32021 | Shoals:4 | Identified the +2 dagger "Bezanix" {elec, Int+3}
 32173 | Shoals:4 | Found a glowing silver altar of Zin.
 32182 | Shoals:4 | Reached skill level 10 in Stealth
 32656 | Vaults:1 | Entered Level 1 of the Vaults
 32805 | Vaults:1 | Reached skill level 10 in Evocations
 32818 | Vaults:1 | Reached XP level 19. HP: 172/172 MP: 19/19
 32862 | Vaults:1 | Found the +8 Vampire's Tooth {megavamp}
 33350 | Vaults:1 | Found Wofur's Magic Scroll Boutique.
 33357 | Vaults:1 | Bought a scroll of blinking for 97 gold pieces
 33357 | Vaults:1 | Bought a scroll of blinking for 97 gold pieces
 33357 | Vaults:1 | Bought a scroll of teleportation for 39 gold pieces
 34849 | Vaults:2 | Identified the +10 short sword of the Arena {pain, *Noise
                  | rC+++ rCorr Str-4}
 35138 | Vaults:3 | Reached skill level 21 in Unarmed Combat
 35180 | Vaults:3 | Learned a level 2 spell: Wereblood
 35184 | Vaults:3 | Learned a level 3 spell: Swiftness
 35187 | Vaults:3 | Learned a level 2 spell: Blink
 35192 | Vaults:3 | Learned a level 4 spell: Manifold Assault
 35286 | Vaults:3 | Found a gateway to a bazaar.
 35354 | Bazaar   | Entered a bazaar
 35363 | Bazaar   | Found Horal's Antique Weapon Emporium.
 35376 | Bazaar   | Found Icanuriw's Antique Weapon Shoppe.
 35393 | Bazaar   | Found Toifaeq's Antique Armour Shoppe.
 35404 | Bazaar   | Found Zamob's Antique Armour Emporium.
 35469 | Vaults:3 | Reached skill level 1 in Transmutations
 35909 | Vaults:3 | Found a staircase to the Crypt.
 35974 | Vaults:3 | Noticed Nikola
 35983 | Vaults:3 | Killed Nikola
 36082 | Vaults:3 | Identified the +10 trident of Collusion {holy, rF+}
 36455 | Orc:2    | Bought a glowing scarf for 208 gold pieces
 37011 | Vaults:4 | Reached XP level 20. HP: 165/183 MP: 20/20
 37325 | Vaults:4 | Noticed Zenata
 37334 | Vaults:4 | Killed Zenata
 38063 | Vaults:4 | Found Pisic's Armour Shoppe.
 38977 | Vaults:5 | Entered Level 5 of the Vaults
 38983 | Vaults:5 | HP: 1/184 [spore (15)]
 39017 | Vaults:5 | Identified the scarf "Wuineh" {shadows, Will+}
 39035 | Vaults:5 | Identified the staff "Tielliop" {Fly rPois rF++ Poison}
 39324 | Vaults:5 | Identified the +3 trident "Pippaqosh" {freeze, *Corrode rN+
                  | Str+4}
 39438 | Vaults:5 | Identified the +1 great sword of Crystal {heavy, Fragile
                  | +Blink Will+ Int+2 Dex+3}
 39593 | Vaults:5 | Reached skill level 22 in Unarmed Combat
 39889 | Vaults:5 | Got a silver rune of Zot
 40225 | Vaults:5 | Reached XP level 21. HP: 186/186 MP: 17/21
 40642 | Vaults:5 | Noticed a golden dragon
 40644 | Vaults:5 | Noticed an ancient lich
 40660 | Vaults:5 | Reached skill level 1 in Translocations
 40661 | Vaults:5 | Killed a golden dragon
 40663 | Vaults:5 | Killed an ancient lich
 40672 | Vaults:5 | Noticed a golden dragon
 40674 | Vaults:5 | Killed a golden dragon
 40676 | Vaults:5 | Identified the +3 buckler of the Ego {Regen+ Str+3 Slay+3}
 40716 | Vaults:5 | Found Tipn's General Store.
 41728 | Depths:1 | Entered Level 1 of the Depths
 41758 | Depths:1 | Found a one-way gateway to a ziggurat.
 41940 | Depths:1 | Reached skill level 15 in Shapeshifting
 41943 | Depths:1 | Reached skill level 5 in Transmutations
 42318 | Depths:1 | Found Syffiune's Antique Armour Shop.
 42467 | Depths:1 | Found a gateway to Hell.
 42593 | Depths:1 | Noticed Aizul
 42598 | Depths:1 | Killed Aizul
 42797 | Depths:2 | You are sucked into a shaft and drop 2 floors!
 42797 | Depths:4 | Entered Level 4 of the Depths
 42910 | Depths:4 | Found Ponuwn's One-of-a-Kind Books.
 42944 | Depths:4 | Found Onoric's Book Shoppe.
 43126 | Depths:3 | Noticed a golden dragon
 43135 | Depths:3 | Killed a golden dragon
 43137 | Depths:3 | Reached skill level 23 in Unarmed Combat
 43137 | Depths:3 | Noticed a golden dragon
 43141 | Depths:3 | Killed a golden dragon
 43143 | Depths:3 | Reached XP level 22. HP: 173/203 MP: 22/22
 43146 | Depths:3 | Noticed a caustic shrike
 43148 | Depths:3 | Killed a caustic shrike
 44112 | Depths:3 | Noticed a golden dragon
 44118 | Depths:3 | Killed a golden dragon
 44193 | Depths:3 | Found a one-way gate to the infinite horrors of the Abyss.
 44310 | Depths:3 | Reached skill level 5 in Translocations
 44339 | Depths:3 | Noticed a juggernaut
 44344 | Depths:3 | Killed a juggernaut
 44354 | Depths:3 | Noticed a golden dragon
 44365 | Depths:3 | Killed a golden dragon
 44811 | Depths:3 | Noticed a caustic shrike
 44816 | Depths:3 | Killed a caustic shrike
 45096 | Depths:2 | Paralysed by a floating eye for 4 turns
 45152 | Depths:2 | Found a one-way gate leading to the halls of Pandemonium.
 45359 | Depths:2 | Reached skill level 24 in Unarmed Combat
 45405 | Depths:2 | Reached XP level 23. HP: 195/213 MP: 20/23
 46291 | Depths:4 | Found a blossoming altar of Fedhas.
 46878 | Depths:4 | Found a stormy altar of Qazlal.
 47007 | Depths:4 | Found a gate to the Realm of Zot.
 47383 | Crypt:1  | Entered Level 1 of the Crypt
 47461 | Crypt:1  | Noticed Grunn
 47473 | Crypt:1  | Killed Grunn
 47480 | Crypt:1  | Noticed Boris
 47536 | Crypt:1  | Noticed Jory
 47543 | Crypt:1  | Killed Jory
 47981 | Crypt:1  | Killed Boris
 48341 | Crypt:1  | Found a runed door.
 48407 | Crypt:1  | Reached skill level 25 in Unarmed Combat
 48565 | Crypt:1  | Noticed an ancient lich
 48701 | Crypt:1  | Killed an ancient lich
 48723 | Crypt:1  | Noticed a dread lich
 48727 | Crypt:1  | Killed a dread lich
 48745 | Crypt:1  | Identified the ring of Past Mistakes {rElec Will+ MP+9
                  | Str-4 Dex+3}
 48747 | Crypt:1  | Identified a ring of Imuovos {rElec rF+ Int+6}
 48755 | Crypt:1  | Found the +9 sword of Power {lifebolt}
 48773 | Crypt:1  | Identified the +3 spear "Jatyf" {flame, rElec Str+3}
 49008 | Crypt:2  | Found a runed translucent gate.
 49009 | Crypt:2  | Found a runed translucent gate.
 49009 | Crypt:2  | Found a runed translucent gate.
 49012 | Crypt:2  | Noticed scionoferis's ghost (veteran DjHW)
 49017 | Crypt:2  | Found an iron altar of Okawaru.
 49297 | Crypt:2  | Reached XP level 24. HP: 224/224 MP: 23/23
 49302 | Crypt:2  | Noticed Bai Suzhen
 49309 | Crypt:2  | Killed Bai Suzhen
 49770 | Crypt:2  | Killed scionoferis's ghost
 49779 | Crypt:2  | Identified the +0 ring mail of the Land of Plenty {rC++
                  | Will+}
 49851 | Crypt:3  | Entered Level 3 of the Crypt
 50099 | Crypt:3  | Noticed an ancient lich
 50103 | Crypt:3  | Killed an ancient lich
 50272 | Crypt:3  | Found a basalt altar of Yredelemnul.
 50580 | Crypt:3  | Noticed Sojobo
 50592 | Crypt:3  | Paralysed by an air elemental for 1 turns
 50596 | Crypt:3  | Killed Sojobo
 50605 | Crypt:3  | Reached skill level 26 in Unarmed Combat
 50972 | Crypt:3  | Found a staircase to the Tomb.
 50990 | Crypt:3  | Got the Vellum of Left-Handed Mysteries
 51250 | Crypt:3  | Acquired the +2 pair of gloves of Birghud {rC+ MP+9}
 51823 | Elf:1    | Entered Level 1 of the Elven Halls
 52087 | Elf:1    | Paralysed by an air elemental for 1 turns
 52858 | Elf:1    | Paralysed by an air elemental for 1 turns
 53169 | Elf:2    | Found a runed translucent gate.
 53169 | Elf:2    | Found a runed translucent gate.
 53169 | Elf:2    | Found a runed translucent gate.
 53174 | Elf:2    | Reached skill level 1 in Spellcasting
 53327 | Elf:2    | Noticed Norris
 53332 | Elf:2    | Killed Norris
 53400 | Elf:2    | Found Rogawne's Book Shoppe.
 53671 | Elf:2    | Reached skill level 10 in Translocations
 53696 | Elf:2    | Reached XP level 25. HP: 217/217 MP: 27/27
 53913 | Elf:3    | Entered Level 3 of the Elven Halls
 54011 | Elf:3    | Identified the +1 mace of Anxiety {venom, rElec rF+ rC++
                  | Str-4}
 54013 | Elf:3    | Identified the amulet of Peaxynn {Reflect rPois Int+4 SH+5}
 54014 | Elf:3    | Identified the +2 pair of boots of Duty {Str+3}
 54016 | Elf:3    | Identified the ring "Puufeck" {rF+ rC+ EV+5 Int+5 Slay-2}
 54286 | Elf:3    | Identified the staff of the Past {rPois rC+ Str+2 SInv Ice}
 54304 | Elf:3    | Identified the +0 plate armour of the Solstice {Harm rCorr
                  | Str+2 Dex-4}
 54305 | Elf:3    | Identified the +0 chain mail of Circular Logic {rF- rN+
                  | Int+5}
 54306 | Elf:3    | Identified the staff of the Seven Heavens {rC- Str+6 Conj}
 54307 | Elf:3    | Identified the staff "Qoit Apu" {+Blink Str+4 Int-2 Dex+3
                  | Earth}
 54481 | Elf:3    | Identified the +1 dagger of the Eggplant {flame, Dex+4}
 54966 | Elf:3    | Reached skill level 5 in Spellcasting
 55638 | Zot:1    | Entered Level 1 of the Realm of Zot
 56144 | Zot:1    | Reached skill level 27 in Unarmed Combat
 57756 | Zot:2    | Reached XP level 26. HP: 246/246 MP: 33/34
 58441 | Zot:3    | Reached skill level 1 in Air Magic
 59280 | Zot:4    | Found the +4 dragonskin cloak
 59280 | Zot:4    | Noticed Tiamat
 59296 | Zot:4    | Killed Tiamat
 60311 | Zot:5    | Entered Level 5 of the Realm of Zot
 60355 | Zot:5    | Learned a level 6 spell: Dispersal
 60359 | Zot:5    | Learned a level 3 spell: Portal Projectile
 60362 | Zot:5    | Paralysed by a Zot trap for 5 turns
 60612 | Zot:5    | Noticed a dread lich
 60613 | Zot:5    | Noticed an orb of fire
 60615 | Zot:5    | Noticed an orb of fire
 60616 | Zot:5    | Noticed an orb of fire
 60619 | Zot:5    | Noticed an orb of fire
 60623 | Zot:5    | Killed an orb of fire
 60623 | Zot:5    | Killed a dread lich
 60624 | Zot:5    | Reached skill level 10 in Spellcasting
 60625 | Zot:5    | Noticed an orb of fire
 60626 | Zot:5    | Killed an orb of fire
 60627 | Zot:5    | Noticed an orb of fire
 60627 | Zot:5    | Killed an orb of fire
 60627 | Zot:5    | Gained mutation: You are weak. (Str -2) [an orb of fire]
 60627 | Zot:5    | Gained mutation: You are very weak. (Str -4) [an orb of
                  | fire]
 60627 | Zot:5    | Killed an orb of fire
 60628 | Zot:5    | Gained mutation: You are frail. (-10% HP) [an orb of fire]
 60628 | Zot:5    | Gained mutation: Your magical capacity is low. (-10% MP)
                  | [an orb of fire]
 60630 | Zot:5    | Killed an orb of fire
 60630 | Zot:5    | Killed an orb of fire
 60636 | Zot:5    | Noticed an ancient lich
 60639 | Zot:5    | Reached XP level 27. HP: 160/230 MP: 23/33
 60639 | Zot:5    | Killed an ancient lich
 60643 | Zot:5    | Noticed an ancient lich
 60645 | Zot:5    | Killed an ancient lich
 60648 | Zot:5    | Noticed a dread lich
 60650 | Zot:5    | Killed a dread lich
 60660 | Zot:5    | Noticed a dread lich
 60662 | Zot:5    | Killed a dread lich
 60667 | Zot:5    | Noticed an ancient lich
 60670 | Zot:5    | Killed an ancient lich
 61100 | Zot:5    | Got the Orb of Zot
 62030 | D:$      | Escaped with the Orb!

Illustrated notes

Levels and vault maps discovered:
D:1:      psy_arrival_terrarium, layout_basic
D:2:      layout_basic
D:3:      layout_loops_corners, gammafunk_temple_overflow_claw, serial_shops,
          shop, shop, nicolae_shop_stone, chequers_ecumenical_altar_twisty
D:4:      layout_loops_ring, grunt_temple_overflow_order_and_chaos_2,
          nicolae_tso_carved_into_rock, mainiacjoe_overflow_chevrons,
          mainiacjoe_overflow_alcove_2, uniq_edmund
D:5:      layout_basic, mainiacjoe_overflow_concentric_impassable,
          mrwooster_statue_mirror, uniq_blork_the_orc
D:6:      layout_layer_cave, minmay_temple_entry_grid, uniq_jeremiah
D:7:      layout_cave_pools, nicolae_shop_overcharged_wands,
          uniq_crazy_yiuf_cottage
D:8:      layout_layer_cave, erik_lair_island, minivault_26
D:9:      layout_basic, erik_orc_3, hangedman_misty_isle
D:10:     layout_stronghold, lemuel_crystal_altar, uniq_harold
D:11:     layout_irregular_city, nicolae_ru_path_of_blood
D:12:     layout_long_grid, enter_trove_5
D:13:     layout_irregular_city
D:14:     layout_rooms, lightli_vaults_fourway_checkpoint,
          grunt_dithmenos_shadows, minmay_st_funbox, uniq_josephine
D:15:     hangedman_depths_entry_try_elsewhere_first, layout_rooms,
          glass_columns_a
Lair:1:   gammafunk_cloud_chamber, layout_loops_ring, lemuel_fruit_tree
Lair:2:   layout_chaotic_city, gauntlet_entry_generic, grunt_megastairs_5,
          uniq_maggie
Lair:3:   layout_long_grid, shoals_dummy_entry,
          nicolae_snake_entry_warm_welcome, beast_lair_carwin_4,
          serial_bayou_shore_b
Lair:4:   layout_regular_city, slime_entry_2, uniq_kirke
Lair:5:   hangedman_lair_tendril_chambers, layout_long_grid,
          guppyfry_lair_end_dragon, serial_bayou_pond_d
Shoals:1: layout_shoals
Shoals:2: layout_shoals, nicolae_shoals_dead_sea_scrolls
Shoals:3: layout_shoals, nicolae_shoals_seven_spires
Shoals:4: shoals_end_hellmonk_holy_island
Snake:1:  layout_cave_pods, nrook_guardian_serpent_ordinary, minmay_shoptagon
Snake:2:  layout_honeycomb, serial_bayou_shore_b, nicolae_triple_integral,
          minmay_shop_grove
Snake:3:  layout_grid_shapes, uniq_vashnia
Snake:4:  snake_pit_salamanders_mu, layout_gridlike,
          nicolae_snake_slithery_hallway, nrook_guardian_serpent_double
Orc:1:    layout_caves, minmay_orc_keep, uniq_urug
Orc:2:    st_orc_congregation, layout_caves, serial_shops, shop,
          lightli_orcish_oven, uniq_azrael
Elf:1:    nicolae_elf_arrival_fired_up, layout_gridlike, evilmike_minifort
Elf:2:    nicolae_elf_blades_splatter_lattice
          [nicolae_blade_entry_floor_patterns], layout_geoelf_diagonals,
          serial_shops, nicolae_shop_temple_entry_statues_fountains, uniq_norris
Elf:3:    elf_hall, layout_geoelf_diagonals
Vaults:1: vaults_dpeg_hooks, nicolae_vaults_hallways_thing,
          hangedman_vaults_nodes, nicolae_vaults_weapon_check,
          vaults_standard_mumra_lines, vaults_room_octagon,
          nicolae_vaults_three_branches, nicolae_vaults_network_quinsquares
          [nicolae_vaults_network_quincunx_subvault,
          nicolae_vaults_network_quincunx_subvault,
          nicolae_vaults_network_quincunx_subvault,
          nicolae_vaults_network_quincunx_subvault],
          nicolae_vaults_double_plus_1, hangedman_vaults_slice,
          vaults_room_semicircle, layout_vaults_maze_snakey, serial_shops, shop
Vaults:2: vaults_dpeg_diagonal, nicolae_vaults_wrenched,
          nicolae_vaults_heart-shaped_vault, grunt_vaults_swirl,
          nicolae_vaults_mini_display_case, nicolae_vaults_closet_pinwheel_4,
          v_misc_3, nicolae_vaults_security_offices_2, ontoclasm_vaults_gateway,
          vaults_dpeg_ring, nicolae_vaults_double_plus_1,
          layout_vaults_omnicross
Vaults:3: nicolae_vaults_ring_of_whatevers, v_alt_pattern_2,
          vaults_room_large_hall, minmay_crypt_entry_simple_walls,
          ontoclasm_vaults_pinch, nicolae_vaults_tangram_1, vaults_room_fours,
          nicolae_vaults_diagonal_hallway_9, nicolae_vaults_two_Ls,
          layout_vaults_omnigrid, serial_shops, bzr_entry_gold, uniq_nikola
Vaults:4: nicolae_vaults_closet_pinwheel_2, v_misc_29,
          nicolae_vaults_tetromino_Z_2, vaults_room_pool,
          nicolae_vaults_taking_the_gang_shopping, nicolae_vaults_six-pack,
          nicolae_vaults_windows_and_doors_thing,
          nicolae_vaults_little_squares_4, nicolae_vaults_little_squares_6,
          layout_vaults_big_room, uniq_zenata
Vaults:5: uniq_margery
Crypt:1:  evilmike_wizard_prison, layout_rooms,
          grunt_crypt_arrival_guarded_gate, uniq_boris, uniq_jory, uniq_grunn
Crypt:2:  layout_gridlike, gammafunk_ghost_fury_of_okawaru, uniq_bai_suzhen
Crypt:3:  cryptofortress_bobbens, uniq_sojobo
Depths:1: layout_gridlike, enter_ziggurat_b, grunt_hell_entry_dis_old,
          serial_shops, nicolae_shop_tiny_statue_garden, minmay_misc_feat_five,
          hangedman_decor_lopped, grunt_ministairs_9, evilmike_butchery,
          uniq_aizul
Depths:2: minmay_connected_boxes_in_corner, layout_cave_pools,
          minmay_room_of_horrors, serial_glass, glass_columns_a,
          glass_columns_a, glass_columns_a, glass_columns_b, glass_columns_a,
          glass_columns_c, moated_statue, hangedman_geh_valley, pan_entry,
          minmay_staircase_windowed_small
Depths:3: minmay_octagon_city, layout_basic, dreamdust_wishing_well, hell_entry,
          abyss_entry, kennysheep_minor_cross
Depths:4: evilmike_zot_entry_hall, layout_gridlike, hell_entry, serial_shops,
          nicolae_shop_waterfront, fedhas_altar_3, nicolae_rare_books,
          st_stairs_7, nicolae_qazlal_eye_of_the_storm
Zot:1:    minmay_elemental_castle, layout_misc_corridors
Zot:2:    layout_cathedral_of_symmetry, grunt_megastairs_2
Zot:3:    layout_onion, nicolae_lava_and_water, uniq_josephina
Zot:4:    layout_cathedral_of_symmetry, uniq_tiamat
Zot:5:    layout_misc_corridors

Skill      XL: |  1  2  3  4  5  6  7  8  9 10 11 12 13 14 15 16 17 18 19 20 21 22 23 24 25 26 27 |
---------------+----------------------------------------------------------------------------------+-----
Dodging        | 2 3 4 5 6 7 8 9 11 12 14 15 16 17 18 19 20 21 22 | 22.3
Fighting       | 2 3 4 5 7 8 9 11 12 13 14 15 16 17 18 19 20 21 22 23 | 23.7
Unarmed Combat | 4 5 6 8 9 11 12 14 15 16 17 18 19 20 21 22 23 24 25 26 27 | 27.0
Shapeshifting  | 4 5 6 7 8 9 10 11 12 13 14 15 16 17 18 | 18.7
Stealth        | 2 5 6 8 9 10 11 12 | 12.0
Evocations     | 3 5 7 8 10 11 12 | 12.1
Shields        | 3 |  3.7
Transmutations | 1 4 5 8 |  8.0
Translocations | 4 5 7 10 11 13 14 | 14.7
Spellcasting   | 2 7 10 12 | 12.3
Air Magic      | 4 |  4.0

Action                     |  1- 3 |  4- 6 |  7- 9 | 10-12 | 13-15 | 16-18 | 19-21 | 22-24 | 25-27 || total
---------------------------+-------+-------+-------+-------+-------+-------+-------+-------+-------++-------
  Melee: Unarmed           |   117 |   125 |   442 |   528 |   977 |  1171 |  1032 |  1094 |   970 ||  6456
         Tailslap          |    14 |    16 |    48 |    86 |   175 |   219 |   215 |   189 |   177 ||  1139
         Punch             |     2 |     2 |     1 |    15 |    95 |    11 |    52 |   179 |   180 ||   537
         Maw               |       |       |       |    97 |   295 |   367 |   263 |       |       ||  1022
         Bite              |       |       |       |       |       |       |    50 |   138 |   129 ||   317
  Throw: Dart              |       |    11 |     4 |     5 |       |       |       |       |       ||    20
   Cast: Wereblood         |       |       |       |       |       |       |    10 |    45 |    34 ||    89
         Manifold Assault  |       |       |       |       |       |       |       |       |    15 ||    15
         Blink             |       |       |       |       |       |       |       |       |     3 ||     3
 Invoke: Serpent's Lash    |       |       |     1 |     1 |     2 |     1 |     2 |     4 |     2 ||    13
         Heavenly Storm    |       |       |       |       |     3 |     3 |     4 |     3 |     5 ||    18
Ability: Lunge             |     2 |    10 |    53 |    57 |   127 |   190 |   163 |   205 |   125 ||   932
         Breathe Dispellin |       |       |    25 |    36 |    38 |    16 |    17 |    29 |    12 ||   173
         Whirlwind         |       |       |   125 |    61 |   327 |   320 |   250 |   244 |   308 ||  1635
         Wall Jump         |       |       |     2 |       |    10 |     9 |     7 |     2 |     7 ||    37
         Evoke Invisibilit |       |       |       |       |     1 |     2 |     1 |     3 |     6 ||    13
  Evoke: Wand              |       |    10 |     9 |     5 |       |     3 |       |       |     1 ||    28
    Use: Scroll            |       |    10 |     8 |    11 |     8 |     6 |     9 |     4 |     6 ||    62
         Potion            |       |     1 |     1 |     7 |     2 |     1 |     8 |       |       ||    20
   Stab: Sleeping          |     1 |     1 |       |       |    13 |    29 |    41 |    18 |    13 ||   116
         Distracted        |       |       |       |       |     3 |     8 |    21 |    14 |     2 ||    48
         Invisible         |       |       |       |       |     4 |    15 |     1 |     7 |    15 ||    42
         Held in net/web   |       |       |       |       |       |     1 |       |       |       ||     1
 Armour: Skin              |    42 |    40 |   104 |   130 |   136 |   132 |   117 |   141 |    87 ||   929
  Dodge: Dodged            |    63 |    54 |   190 |   229 |   528 |   650 |   513 |   384 |   446 ||  3057
  Block: Other             |       |       |       |       |    36 |     6 |    27 |    76 |    79 ||   224
         Reflection        |       |       |       |       |     5 |    34 |    10 |     3 |     3 ||    55
         Kite shield       |       |       |       |       |       |   220 |       |       |       ||   220
         Orb               |       |       |       |       |       |   100 |    78 |       |       ||   178
   Form: Flux              |       |       |     1 |     1 |       |       |       |       |       ||     2
         Anaconda          |       |       |       |     1 |       |       |       |       |       ||     1
         Maw               |       |       |       |     1 |       |       |       |       |       ||     1
         Dragon            |       |       |       |       |       |       |     1 |     1 |     2 ||     4
                           |       |       |       |       |       |       |       |     1 |     2 ||     3

Table legend: (Time is in decaauts)
 A = Elapsed time spent in this place.
 B = Non-inter-level travel time spent in this place.
 C = Inter-level travel time spent in this place.
 D = Time resting spent in this place.
 E = Time spent auto-exploring this place.
 F = Levels seen in this place.
 G = Mean time per level.
                   A        B        C        D        E       F      G
               +--------+--------+--------+--------+--------+-----+--------+
         Total |  61728 |  56029 |   5699 |   6238 |  37464 |  52 | 1187.1 |
       Dungeon |  18298 |  16021 |   2277 |   1142 |  11912 |  15 | 1219.9 |
          Lair |   5900 |   5222 |    678 |    594 |   3574 |   5 | 1180.0 |
        Shoals |   3448 |   3278 |    170 |    184 |   2274 |   4 |  862.0 |
     Snake Pit |   4344 |   3755 |    589 |    455 |   2177 |   4 | 1086.0 |
  Orcish Mines |   1799 |   1498 |    301 |    205 |    941 |   2 |  899.5 |
   Elven Halls |   3494 |   3319 |    175 |    137 |   2413 |   3 | 1164.7 |
        Vaults |   8660 |   7962 |    698 |   1230 |   5154 |   5 | 1732.0 |
         Crypt |   4075 |   3949 |    126 |    945 |   1923 |   3 | 1358.3 |
        Depths |   5610 |   5197 |    413 |    590 |   3401 |   4 | 1402.5 |
           Zot |   5588 |   5319 |    269 |    497 |   3631 |   5 | 1117.6 |
        Bazaar |     65 |     65 |      0 |      0 |     62 |   1 |   65.0 |
      Gauntlet |    441 |    441 |      0 |    258 |      0 |   1 |  441.0 |
               +--------+--------+--------+--------+--------+-----+--------+

Top non-repeatable levels by time:
Depths:3: 2308 daAuts
Vaults:4: 2281 daAuts
     D:9: 2211 daAuts
Vaults:5: 2175 daAuts
     D:6: 2150 daAuts
 Snake:4: 1742 daAuts
 Crypt:3: 1617 daAuts
     D:8: 1574 daAuts
Vaults:3: 1567 daAuts
   Zot:1: 1554 daAuts
 Crypt:1: 1513 daAuts
  Lair:1: 1439 daAuts
     D:5: 1405 daAuts
   Elf:3: 1375 daAuts
    D:10: 1355 daAuts
